 Dungeon Crawl Stone Soup version 0.31-a0-246-g8cbcc1cb85 (webtiles) character file.

Game seed: 3988937752654991161

355 qw the Shooter (level 6, -1/52 HPs)
             Began as a Minotaur Hexslinger on July 12, 2023.
             Slain by an iguana (9 damage)
             ... on level 4 of the Dungeon.
             The game lasted 00:01:07 (2307 turns).

qw the Shooter (Minotaur Hexslinger)                Turns: 2307, Time: 00:01:08

Health: -1/52      AC:  6    Str: 13    XL:     6   Next: 36%
Magic:  6/6        EV: 11    Int: 10    God:
Gold:   159        SH:  0    Dex: 14    Spells: 6/7 levels left

rFire   . . .        Y - +1 sling
rCold   . . .        (no shield)
rNeg    . . .        g - +0 ring mail
rPois   .            (helmet restricted)
rElec   .            (no cloak)
rCorr   .            (no gloves)
SInv    .            d - +0 pair of boots
Will    .....        (no amulet)
Stlth   +            (no ring)
HPRegen 0.28/turn    (no ring)
MPRegen 0.10/turn

%: no passive effects
@: no status effects
A: horns 2, retaliatory headbutt
a: no special abilities


You were on level 4 of the Dungeon.
You visited 1 branch of the dungeon, and saw 4 of its levels.

You collected 231 gold pieces.
You spent 72 gold pieces at shops.


Innate Abilities, Weirdness & Mutations

You have a pair of horns on your head.
You reflexively headbutt those who attack you in melee.


   Skills:
 - Level 4.2 Fighting
 + Level 6.0 Ranged Weapons
 - Level 2.1 Armour
 - Level 2.1 Dodging
 - Level 1.0 Spellcasting
 - Level 2.0 Hexes


You had 6 spell levels left.
You knew the following spells:

 Your Spells              Type           Power      Damage    Failure   Level
a - Slow                  Hex            16%        N/A       32%         1

Your spell library contained the following spells:

 Spells                   Type           Power      Damage    Failure   Level
 Inner Flame              Hex/Fire       2%         N/A       82%         3
 Portal Projectile        Hex/Tloc       4%         N/A       82%         3
 Cause Fear               Hex            2%         N/A       97%         4

Inventory:

Hand Weapons
 Y - a +1 sling (weapon)
Armour
 d - a +0 pair of boots (worn)
 g - a +0 ring mail (worn)
Scrolls
 c - 2 scrolls of identify
Potions
 a - a potion of curing {unknown}
 b - a potion of haste
 e - a potion of attraction {unknown}
 f - a potion of berserk rage {unknown}

Dungeon Overview and Level Annotations

Branches:
Dungeon (4/15)
 Temple: D:4-7

Altars:
Ru

Shops:
D:1 (   D:2 [   D:3 :

Annotations:
D:4 1 runed translucent door, Eustachio; qw's ghost, amateur GrHs


Message History

The quokka bites you.
The iron imp disappears for a moment.
The iron imp barely misses you.
Eustachio gestures wildly while chanting.
The ufetubus barely misses you. The ufetubus hits you.
You shoot a sling bullet.
The sling bullet hits the iron imp but does no damage.
The iron imp is lightly wounded.
The ufetubus disappears in a puff of smoke!
The quokka bites you. The iron imp misses you.
The quokka bites you but does no damage.
You shoot a sling bullet. The sling bullet hits the iron imp.
The iron imp is moderately wounded.
The quokka bites you. The iron imp hits you.
The iguana bites you but does no damage.
The quokka barely misses you.
You shoot a sling bullet. The iron imp shouts!
The sling bullet hits the iron imp but does no damage.
The iron imp is moderately wounded.
The iron imp hits you but does no damage.
The iguana bites you but does no damage.
The quokka bites you but does no damage.
You shoot a sling bullet.
The sling bullet completely misses the iron imp.
The iguana bites you.
An endoplasm comes into view.
The quokka misses you. The iron imp hits you!
Eustachio casts a spell.
Eustachio blinks!
The iguana completely misses you. The quokka bites you.
You shoot a sling bullet. The endoplasm quivers.
The sling bullet hits the iron imp but does no damage.
The iron imp is moderately wounded.
The iron imp barely misses you. The quokka closely misses you.
You furiously retaliate!
You headbutt the quokka!
You kill the quokka!
The quokka's corpse disappears in a puff of smoke!
The iguana bites you!
You die...

###### . ### #....## ...
####.###....¤###.....
#.#...#......@l.¤5...
###.#...#...#...5.....J
##...........####.......
#..............##.......
##...............[...#5.
###................@.# .
#....#...............#
...###...............#
#..# #...............##
#......#


You could see Eustachio, an iguana, 3 iron imps and an endoplasm.

Vanquished Creatures
  2 scorpions (D:4)
  A hound (D:4)
  A jelly (D:4)
  Ijyb (D:4)
  Natasha (twice) (D:2)
  2 adders (D:2)
  2 dart slugs
  5 ball pythons
  9 endoplasms
  7 giant cockroaches
  5 goblins
  10 hobgoblins
  15 jackals
  5 kobolds
  A quokka (D:2)
  6 bats
  3 frilled lizards
  4 rats
81 creatures vanquished.

Notes
Turn   | Place    | Note
-------+----------+-------------------------------------------
     0 | D:1      | qw the Minotaur Hexslinger began the quest for the Orb.
     0 | D:1      | Reached XP level 1. HP: 16/16 MP: 1/1
     0 | D:1      | 0 ||| qw: Version: 0.3-a-52-g30416fa
     0 | D:1      | 0 ||| qw: Game counter: 6401
     0 | D:1      | 0 ||| qw: Melee chars always use a shield: true
     0 | D:1      | 0 ||| qw: God list: Okawaru
     0 | D:1      | 0 ||| qw: Allow faded altars: false
     0 | D:1      | 0 ||| qw: Do Orc after clearing Dungeon:15 true
     0 | D:1      | 0 ||| qw: Do second Lair branch before Depths: true
     0 | D:1      | 0 ||| qw: Lair rune preference: random
     0 | D:1      | 0 ||| qw: Goals: Normal
     0 | D:1      | 0 ||| PLANNING D:1-11
    51 | D:1      | Reached skill level 3 in Ranged Weapons
    54 | D:1      | Reached XP level 2. HP: 11/23 MP: 2/2
   296 | D:1      | Reached XP level 3. HP: 29/29 MP: 3/3
   564 | D:1      | Found Testiew's Antique Weapon Boutique.
   569 | D:1      | 569 ||| UPGRADING to +0 pair of boots.
   574 | D:1      | 574 ||| DROPPING ring of wizardry.
   575 | D:1      | 575 ||| READING scroll labelled LOM IGGUIZUMEA.
   666 | D:1      | 666 ||| READING scroll labelled SINKAY GIRETURE.
   667 | D:1      | 667 ||| DROPPING scroll of poison.
   805 | D:2      | Reached skill level 4 in Ranged Weapons
   968 | D:2      | Reached XP level 4. HP: 34/36 MP: 4/4
   992 | D:2      | Found Pusasop's Armour Shoppe.
  1036 | D:2      | Found a sacrificial altar of Ru.
  1044 | D:2      | 1044 ||| BUYING +0 leather armour (24 gold).
  1044 | D:2      | Bought a +0 leather armour for 24 gold pieces
  1044 | D:2      | 1044 ||| BUYING +0 ring mail (48 gold).
  1044 | D:2      | Bought a +0 ring mail for 48 gold pieces
  1044 | D:2      | 1044 ||| SHOPLISTING +0 troll leather armour (180 gold,
                  | have 62).
  1044 | D:2      | 1044 ||| SHOPLISTING +1 ring mail of willpower (192 gold,
                  | have 62).
  1044 | D:2      | 1044 ||| SHOPLISTING +1 robe of cold resistance (152 gold,
                  | have 62).
  1044 | D:2      | 1044 ||| SHOPLISTING +2 robe "Evoum" {rF+ rN+ Dex-2} (296
                  | gold, have 62).
  1186 | D:2      | Noticed Natasha
  1195 | D:2      | Killed Natasha
  1196 | D:2      | Reached skill level 5 in Ranged Weapons
  1324 | D:2      | Noticed Natasha
  1331 | D:2      | Killed Natasha
  1406 | D:2      | 1406 ||| UPGRADING to +0 leather armour.
  1416 | D:2      | 1416 ||| DROPPING +0 robe.
  1417 | D:2      | 1417 ||| UPGRADING to +0 ring mail.
  1427 | D:2      | 1427 ||| DROPPING +0 leather armour.
  1428 | D:2      | 1428 ||| READING scroll labelled DIV HOAMICW.
  1429 | D:2      | 1429 ||| READING scroll labelled REZXUE CIWO.
  1430 | D:2      | 1430 ||| READING scroll labelled ORAKANIB HOJUL.
  1508 | D:3      | Found a faded altar of an unknown god.
  1554 | D:3      | Reached XP level 5. HP: 44/44 MP: 5/5
  1619 | D:3      | Found Ecaid's Book Emporium.
  1829 | D:3      | 1829 ||| READING scroll labelled GEONYV AGGACOAPN.
  1830 | D:3      | 1830 ||| DRINKING 2 bubbling grey potions.
  1886 | D:4      | Noticed Ijyb
  1905 | D:4      | HP: 11/44 [hound (4)]
  1906 | D:4      | HP: 4/44 [Ijyb/puff of flame (7)]
  1907 | D:4      | Killed Ijyb
  1908 | D:4      | Reached skill level 3 in Fighting
  2039 | D:4      | 2039 ||| FLEEEEING.
  2068 | D:4      | Found a runed translucent door.
  2073 | D:4      | Noticed qw's ghost (amateur GrHs)
  2180 | D:4      | Reached skill level 6 in Ranged Weapons
  2180 | D:4      | Reached XP level 6. HP: 51/51 MP: 6/6
  2291 | D:4      | Noticed Eustachio
  2306 | D:4      | HP: 10/52 [iron imp[Eustachio] (8)]
  2307 | D:4      | Slain by an iguana

Levels and vault maps discovered:
D:1:      evilmike_arrival_hilbert_curve, layout_rooms, serial_shops,
          nicolae_shop_tiny_glass
D:2:      layout_basic, serial_shops, shop, basic_altar, uniq_natasha
D:3:      layout_rooms, serial_shops, nicolae_shop_stone,
          ebering_ecumenical_altar_sacrificial
D:4:      layout_cave_pools, serial_shops, shop, ebering_ghost_reflecting_pool,
          uniq_ijyb, uniq_eustachio

Skill      XL: |  1  2  3  4  5  6 |
---------------+-------------------+-----
Ranged Weapons | 3 4 5 6 |  6.0
Fighting       | 2 3 4 |  4.2
Armour         | 2 |  2.1
Dodging        | |  2.1
Spellcasting   | |  1.0
Hexes          | |  2.0

Action                     |  1- 3 |  4- 6 || total
---------------------------+-------+-------++-------
   Fire: Sling             |   134 |   141 ||   275
    Use: Scroll            |     2 |     4 ||     6
         Potion            |       |     1 ||     1
 Armour: Robe              |     8 |     7 ||    15
         Ring mail         |       |    19 ||    19
  Dodge: Dodged            |    33 |    72 ||   105

Table legend:
 A = Non-vault XP
 B = Vault XP
 C = Vault XP percentage of total XP
 D = Non-vault monster count
 E = Vault monster count
 F = Vault count percentage of total count
                 A         B        C        D         E       F
            +---------+---------+-------+---------+---------+-------
      Total |     439 |      69 |  13.6 |      79 |       2 |   2.5
            +---------+---------+-------+---------+---------+-------
        D:1 |      52 |       0 |   0.0 |      29 |       0 |   0.0
        D:2 |     108 |      33 |  23.4 |      30 |       1 |   3.2
        D:3 |      11 |       0 |   0.0 |       6 |       0 |   0.0
        D:4 |     268 |      36 |  11.8 |      14 |       1 |   6.7
            +---------+---------+-------+---------+---------+-------
